 Dungeon Crawl Stone Soup version 0.31.0-32-g396128a36d (webtiles) character file.

Game seed: 10380672136769642033

33 safid the Ruffian (level 3, -2/28 HPs)
             Began as a Draconian Shapeshifter on Mar 14, 2024.
             Killed by nerve-wracking pain
             ... invoked by Jessica
              (14 damage)
             ... on level 2 of the Dungeon.
             The game lasted 00:00:56 (704 turns).

safid the Ruffian (Draconian Shapeshifter)           Turns: 704, Time: 00:00:56

Health: -2/28      AC:  5    Str: 18    XL:     3   Next: 12%
Magic:  3/3        EV: 12    Int: 10    God:
Gold:   66         SH:  0    Dex: 10    Spells: 2/2 levels left

rFire   . .          .
                       - Unarmed
rCold   . . .        (no shield)
rNeg    . . .        (body armour unavailable)
rPois   .            (helmet currently unavailable)
rElec   .            (cloak currently unavailable)
rCorr   .            (gloves currently unavailable)
SInv    .            (boots currently unavailable)
Will    .....        (no amulet)
Stlth   +            (no ring)
HPRegen 0.24/turn    (no ring)
MPRegen 0.08/turn

%: no passive effects
@: beast-form
A: beast (slay +1), AC +5, unfitting armour, cold-blooded
a: Begin Untransformation


You were on level 2 of the Dungeon.
You were a hulking beast.
You visited 1 branch of the dungeon, and saw 2 of its levels.

You collected 66 gold pieces.

Inventory:

Talismans
 b - a beast talisman
 c - a flux talisman
Scrolls
 d - a scroll of identify {unknown}
Potions
 a - a potion of lignification


   Skills:
 + Level 1.4 Fighting
 + Level 1.9 Dodging
 + Level 3.6 Unarmed Combat
 + Level 3.3 Shapeshifting


You had 2 spell levels left.
You didn't know any spells.
Your spell library contained the following spells:

 Spells                   Type           Power      Damage    Failure   Level
 Shock                    Conj/Air       0%         1d3       36%         1
 Swiftness                Air            0%         N/A       75%         3
 Airstrike                Air            0%         2d(0-16)  98%         4


Dungeon Overview and Level Annotations

Branches:
Dungeon (2/15)

Altars:

Shops:
D:1 =

Annotations:
D:2 Jessica


Innate Abilities, Weirdness & Mutations

You are a hulking beast.
Your limbs bulge with bestial killing power. (Slay +1)
Your plain brown scales are hard. (AC +5)
You cannot fit into any form of body armour.
You are cold-blooded and may be slowed by cold attacks.


Message History

The hobgoblin is almost dead.
You hit the hobgoblin.
You kill the hobgoblin!
No target in view!
No target in view!
No target in view!
No target in view!
No target in view!
Done exploring.
Done exploring.
Done exploring.
Done exploring.
Done exploring.
You see here a +0 club.
There is a stone staircase leading down here.
You climb downwards.
There is a stone staircase leading up here.
Jessica the Apprentice Sorceress comes into view.
She is wielding a +0 dagger.
Jessica is nearby!
Jessica casts a spell at you. Pain shoots through your body!
Jessica barely misses you.
You hit Jessica.
You tail-slap Jessica, but do no damage.
Jessica is lightly wounded.
Jessica mumbles some strange words.
Jessica seems to speed up.
You hit Jessica.
Jessica is heavily wounded.
Jessica hits you but does no damage.
You barely miss Jessica.
Jessica is heavily wounded.
Jessica gestures wildly while chanting.
Jessica blinks!
Jessica gestures at you while chanting. Pain shoots through your body!
Jessica gestures at you while chanting. Pain shoots through your body!
Ouch! That really hurt!
You die...

### ..# #
##########.##.#
......ยง.h..@..#
#################.####
#.................#
##.#################
........# ##.####.#
#.####.# #......#
#.######


You could see Jessica (fast).

Vanquished Creatures
  A dart slug (D:1)
  2 hobgoblins (D:1)
  4 jackals (D:1)
  3 quokkas (D:1)
  8 ball pythons (D:1)
  3 bats (D:1)
  2 frilled lizards (D:1)
  2 goblins (D:1)
  2 kobolds (D:1)
  4 rats (D:1)
31 creatures vanquished.

Notes
Turn   | Place    | Note
-------+----------+-------------------------------------------
     0 | D:1      | safid the Draconian Shapeshifter began the quest for the
                  | Orb.
     0 | D:1      | Reached XP level 1. HP: 16/16 MP: 1/1
   175 | D:1      | Reached XP level 2. HP: 18/23 MP: 2/2
   370 | D:1      | Reached XP level 3. HP: 27/28 MP: 3/3
   380 | D:1      | Found Wacuomag's Jewellery Shoppe.
   697 | D:2      | Noticed Jessica
   704 | D:2      | Killed from afar by Jessica

Illustrated notes

Levels and vault maps discovered:
D:1:      psy_arrival_conway, layout_loops_cross, serial_shops, shop
D:2:      layout_basic, shapermc_ecumenical_altar_mp_urbaneastern,
          uniq_crazy_yiuf_cottage, uniq_jessica, uniq_terence

Action                     || total
---------------------------++-------
  Melee: Unarmed           ||    77
         Tailslap          ||    10
 Armour: Skin              ||    34
  Dodge: Dodged            ||    49
